 Dungeon Crawl Stone Soup version 0.26-a0-1013-gf6ffb0d6bd (webtiles) character file.

Game seed: 12521477777823790402

47 lunkers the Bolt Thrower (level 3, -3/23 HPs)
             Began as a Kobold Hunter on Dec 7, 2020.
             Slain by a worm (8 damage)
             ... on level 2 of the Dungeon.
             The game lasted 00:01:26 (1040 turns).

lunkers the Bolt Thrower (Kobold Hunter)            Turns: 1040, Time: 00:01:26

Health: -3/23      AC:  6    Str:  9    XL:     3   Next: 97%
Magic:  3/3        EV: 13    Int: 12    God:
Gold:   83         SH:  0    Dex: 16    Spells: 2/2 levels left

rFire    . . .     SeeInvis .   a - +1 hand crossbow
rCold    . . .     Faith    .   (shield restricted)
rNeg     . . .     Spirit   .   f - +0 ring mail
rPois    .         Reflect  .   (no helmet)
rElec    .         Harm     .   (no cloak)
rCorr    .         Rampage  .   e - +0 pair of gloves
Will     .....                  (no boots)
Stlth    ++........             (no amulet)
HPRegen  0.07/turn              (no ring)
MPRegen  0.08/turn              (no ring)

@: no status effects
A: small, nightstalker 3
a: no special abilities


You were on level 2 of the Dungeon.
You visited 1 branch of the dungeon, and saw 2 of its levels.

You collected 83 gold pieces.

Inventory:

Hand Weapons
 a - a +1 hand crossbow (weapon)
 b - a +0 short sword
Missiles
 d - 21 bolts (quivered)
Armour
 c - a +0 leather armour
 e - a +0 pair of gloves (worn)
 f - a +0 ring mail (worn)
Jewellery
 h - an uncursed amulet of magic regeneration {unknown}
Scrolls
 g - a scroll of teleportation {unknown}
 k - a scroll of enchant weapon {unknown}
 l - a scroll of identify {unknown}
 n - a scroll of immolation {unknown}
Potions
 i - a potion of ambrosia {unknown}
 j - a potion of lignification {unknown}
 m - a potion of attraction {unknown}


   Skills:
 + Level 3.4 Fighting
 + Level 5.6 Crossbows
 - Level 2.4 Dodging
 - Level 1.3 Stealth


You had 2 spell levels left.
You didn't know any spells.
Your spell library was empty.

Dungeon Overview and Level Annotations

Branches:
Dungeon (2/15)

Altars:


Innate Abilities, Weirdness & Mutations

You are small and have problems with some larger weapons.
You are completely attuned to the shadows.


Message History

You shoot a bolt.
The bolt hits Sigmund but does no damage.
Sigmund is almost dead.
Sigmund hits you but does no damage.
Unknown command.
Fire: 23 bolts
Press: ? - help, Q - select action Shift-Dir - straight line, f/p - Sigmund
Aim: Sigmund, wielding a +0 scythe and wearing a +0 robe (almost dead)
You shoot a bolt. The bolt hits Sigmund.
Sigmund is almost dead.
Sigmund casts a spell at you. You resist with significant effort.
The worm bites you.
* * * LOW HITPOINT WARNING * * *
Fire: 22 bolts
Press: ? - help, Q - select action Shift-Dir - straight line, f/p - Sigmund
Aim: Sigmund, wielding a +0 scythe and wearing a +0 robe (almost dead)
You shoot a bolt. The bolt hits Sigmund!
You kill Sigmund!
The worm bites you!
You die...

###...##^........#
#(..####.#####.# ##.## #.#
#.# #.# #.# #.#.#.#.#.#
###.### #.# #.#.#.#.#.#
.......###.#####.#.......#.
........†....#.........# ..
.............#.........#.#.
..........@..#....(....#.#.
#####....w..###.#.###)#...
#..)w...# #.#.# #.###.
#!(.....# #.#.# #.....
(......# #.#.# #.#### #.#
#.# #.# #.# #.# ## #.#.#


You could see 2 worms.

Vanquished Creatures
  Sigmund (D:2)
  A worm (D:2)
  3 dart slugs (D:1)
  A leopard gecko (D:2)
  5 bats (D:1)
  2 giant cockroaches (D:1)
  5 goblins
  3 hobgoblins (D:1)
  4 jackals (D:1)
  A quokka (D:2)
  A frilled lizard (D:2)
  5 kobolds
  4 rats (D:1)
36 creatures vanquished.

Vanquished Creatures (others)
  7 toadstools (D:1)
7 creatures vanquished.

Grand Total: 43 creatures vanquished

Notes
Turn   | Place    | Note
-------+----------+-------------------------------------------
     0 | D:1      | lunkers the Kobold Hunter began the quest for the Orb.
     0 | D:1      | Reached XP level 1. HP: 12/12 MP: 1/1
   125 | D:1      | Reached skill level 5 in Crossbows
   175 | D:1      | Reached XP level 2. HP: 18/18 MP: 2/2
   357 | D:1      | Reached XP level 3. HP: 23/23 MP: 3/3
  1031 | D:2      | Noticed Sigmund
  1040 | D:2      | Killed Sigmund
  1040 | D:2      | Slain by a worm

Illustrated notes

Levels and vault maps discovered:
D:1:      nagdon_arrival_double_spiral, layout_loops_ring
D:2:      layout_basic, uniq_sigmund

Skill      XL: |  1  2 |
---------------+-------+-----
Crossbows      | 5 |  5.6
Fighting       | 3 |  3.4
Dodging        | |  2.4
Stealth        | |  1.3

Action                   || total
-------------------------++-------
 Fire: Hand crossbow     ||    80
Armor: Ring mail         ||    11
Dodge: Dodged            ||    30

Table legend: (Time is in decaauts)
 A = Elapsed time spent in this place.
 B = Non-inter-level travel time spent in this place.
 C = Inter-level travel time spent in this place.
 D = Time resting spent in this place.
 E = Time spent auto-exploring this place.
 F = Levels seen in this place.
 G = Mean time per level.
                   A        B        C        D        E       F      G
               +--------+--------+--------+--------+--------+-----+--------+
         Total |   1092 |   1041 |     51 |      0 |    849 |   2 |  546.0 |
       Dungeon |   1092 |   1041 |     51 |      0 |    849 |   2 |  546.0 |
               +--------+--------+--------+--------+--------+-----+--------+

Top non-repeatable levels by time:
     D:1: 937 daAuts
     D:2: 155 daAuts
